 Dungeon Sprint DCSS version 0.27-a0-1065-ge809cff456 (webtiles) character file.

Game seed: 3178852184976667416

1222 Zeld the Destroyer (level 8, -1/63 HPs)
             Began as an Octopode Conjurer on Apr 22, 2021.
             Was a Believer of Sif Muna.
             Slain by a demonic crawler (12 damage)
             ... in the Dungeon (Sprint I: "Red Sonja").
             The game lasted 00:02:37 (1575 turns).

Zeld the Destroyer (Octopode Conjurer)              Turns: 1575, Time: 00:02:38

Health: -1/63      AC:  1    Str:  6    XL:     8   Next: 47%
Magic:  19/21      EV: 15    Int: 23    God:    Sif Muna [**....]
Gold:   405        SH:  0    Dex: 10    Spells: 14/25 levels left

rFire    . . .     SeeInvis .   (no weapon)
rCold    . . .     Faith    .   (no shield)
rNeg     . . .     Spirit   .   (helmet restricted)
rPois    .         Reflect  .   (no amulet)
rElec    .         Harm     .   (no ring)
rCorr    .         Rampage  .   (no ring)
Will     .....     NoTele   +   (no ring)
Stlth    +++.......             (no ring)
HPRegen  0.20/turn              (no ring)
MPRegen  0.17/turn              (no ring)
                                (no ring)
                                (no ring)

@: no status effects
A: almost no armour, amphibious, 8 rings, camouflage 1, gelatinous body 1,
(nimble swimmer 1), tentacles
a: Renounce Religion, Channel Magic


You were in the Dungeon.
You worshipped Sif Muna.
Sif Muna was pleased with you.
You visited 1 branch You collected 405 gold pieces.

Inventory:

Potions
 b - a potion of curing
 d - a potion of haste
 e - 2 potions of magic


   Skills:
 * Level 9.2 Fighting
 + Level 7.0 Dodging
 - Level 3.3 Stealth
 - Level 0.3 Unarmed Combat
 * Level 9.0 Spellcasting
 * Level 11.1 Conjurations


You had 14 spell levels left.
You knew the following spells:

 Your Spells              Type           Power      Damage    Failure   Level
a - Magic Dart            Conj           100%       1d8       1%          1
b - Searing Ray           Conj           100%       3d7       1%          2
c - Fulminant Prism       Conj/Hex       18%        3d11      6%          4
d - Iskenderun's Mystic   Conj/Tloc      36%        2d9       6%          4

Your spell library contained the following spells:

 Spells                   Type           Power      Damage    Failure   Level
 Dazzling Flash           Conj/Hex       72%        N/A       1%          3


Dungeon Overview and Level Annotations

Branches:
Dungeon (1/1)

Altars:
Cheibriados
Dithmenos
Elyvilon
Fedhas
Gozag
Hepliaklqana
Kikubaaqudgha
Makhleb
Nemelex Xobeh
Okawaru
Qazlal
Ru
Sif Muna
Trog
Uskayaw
Vehumet
Wu Jian
Xom
Yredelemnul
Zin
The Shining One
Jiyva
Lugonu

Shops:
D =


Innate Abilities, Weirdness & Mutations

You cannot wear most types of armour.
You are amphibious.
You can wear up to eight rings at the same time.
Your skin changes colour to match your surroundings (Stealth+).
Your rubbery body absorbs attacks. (AC +1, EV +1)
((You are camouflaged near water. (Stealth+)))
You have tentacles for arms and can constrict up to eight enemies at once.


Message History

The demonic crawler hits you!
There is an open door, spattered with blood here.
Things that are here:
a +0 dagger; a +0 robe; a kobold corpse The demonic crawler gives a hideous shriek!
You hear a hideous shriek!
The demonic crawler misses you. The demonic crawler barely misses you.
The demonic crawler completely misses you.
There is an open door here.
The demonic crawler hits you. The demonic crawler misses you.
The demonic crawler completely misses you.
There is an open door here.
Casting: Searing Ray (safe; 1% risk of failure)
Confirm with . or Enter, or press ? or * to list all spells.
Aiming: Searing Ray (safe; 1% risk of failure)
Press: ? - help, Shift-Dir - straight line The searing ray hits the demonic crawler.
The demonic crawler is lightly wounded.
The searing ray hits the demonic crawler but does no damage. (Press . to maintain the ray.) Unknown command.
The searing ray misses the demonic crawler.
The searing ray hits the demonic crawler!
The demonic crawler is moderately wounded.
The demonic crawler hits you. The demonic crawler closely misses you.
The demonic crawler hits you! The demonic crawler closely misses you.
The demonic crawler hits you! The demonic crawler closely misses you.
The demonic crawler misses you. The demonic crawler hits you!
* * * LOW HITPOINT WARNING * * *
The demonic crawler hits you but does no damage.
The demonic crawler closely misses you.
The demonic crawler barely misses you. x2
The demonic crawler hits you.
* * * LOW HITPOINT WARNING * * *
The demonic crawler misses you. The demonic crawler hits you.
* * * LOW HITPOINT WARNING * * *
There is an open door here.
Things that are here:
a +0 scythe; a +0 robe The demonic crawler hits you!
You die...

######## #################
#<.#..+..#.)ss.#__#..).).#
#..+..#..)@s#.s'..'..#...##
#...####+#####'#__####...'s
#.)#### #...#[#### #####.
#..#__####..##(#
#..#_____##'#_.+
#⌠⌠#_.∩...'..._#
##.._..__##_.#'#
#..#_____###+#(# ##########
###


You could see 3 demonic crawlers.

Vanquished Creatures
  2 kobold demonologists (D)
  A slime creature (D)
  Sigmund (D)
  A yak (D)
  A floating eye (D)
  An ogre (D)
  A jelly (D)
  Ijyb (D)
9 creatures vanquished.

Notes
Turn   | Place    | Note
-------+----------+-------------------------------------------
     0 | D        | Zeld the Octopode Conjurer began the quest for the Orb.
     0 | D        | Reached XP level 1. HP: 11/11 MP: 3/3
     3 | D        | Noticed Ijyb
    12 | D        | Killed Ijyb
    13 | D        | Reached skill level 6 in Conjurations
    13 | D        | Reached XP level 2. HP: 11/17 MP: 0/5
    13 | D        | Reached XP level 3. HP: 14/21 MP: 0/6
   265 | D        | Learned a level 2 spell: Searing Ray
   276 | D        | Noticed a yak
   276 | D        | Found a basalt altar of Yredelemnul.
   276 | D        | Found a hide-covered altar of Uskayaw.
   276 | D        | Found a hazy altar of Hepliaklqana.
   276 | D        | Found a shadowy altar of Dithmenos.
   276 | D        | Found an ancient bone altar of Kikubaaqudgha.
   276 | D        | Found a sacrificial altar of Ru.
   276 | D        | Found a snail-covered altar of Cheibriados.
   276 | D        | Found Moucur's Jewellery Emporium.
   276 | D        | Found an opulent altar of Gozag.
   276 | D        | Found a sparkling altar of Nemelex Xobeh.
   276 | D        | Found an iron altar of Okawaru.
   276 | D        | Found a bloodstained altar of Trog.
   276 | D        | Found a blossoming altar of Fedhas.
   276 | D        | Found a stormy altar of Qazlal.
   277 | D        | Found a glowing golden altar of the Shining One.
   277 | D        | Found a white marble altar of Elyvilon.
   277 | D        | Found a glowing silver altar of Zin.
   306 | D        | Killed a yak
   307 | D        | Reached skill level 8 in Conjurations
   307 | D        | Reached XP level 4. HP: 9/34 MP: 0/10
   307 | D        | Reached XP level 5. HP: 11/38 MP: 0/12
   312 | D        | Learned a level 4 spell: Fulminant Prism
   317 | D        | Learned a level 4 spell: Iskenderun's Mystic Blast
   547 | D        | Found a shimmering blue altar of Sif Muna.
   547 | D        | Found a radiant altar of Vehumet.
   547 | D        | Found an ornate altar of the Wu Jian Council.
   553 | D        | Reached skill level 5 in Fighting
   553 | D        | Reached skill level 5 in Spellcasting
   723 | D        | Became a worshipper of Sif Muna the Loreminder
   765 | D        | Noticed Sigmund
   768 | D        | Killed Sigmund
   769 | D        | Reached skill level 5 in Dodging
   769 | D        | Reached skill level 9 in Conjurations
   769 | D        | Reached XP level 6. HP: 40/47 MP: 8/15
  1087 | D        | Found a burning altar of Makhleb.
  1087 | D        | Found a viscous altar of Jiyva.
  1087 | D        | Found a shimmering altar of Xom.
  1087 | D        | Found a corrupted altar of Lugonu.
  1087 | D        | Noticed a slime creature
  1095 | D        | Killed a slime creature
  1095 | D        | Reached * piety under Sif Muna
  1096 | D        | Reached skill level 10 in Conjurations
  1096 | D        | Reached XP level 7. HP: 28/54 MP: 7/18
  1350 | D        | Noticed a kobold demonologist
  1351 | D        | Noticed a kobold demonologist
  1355 | D        | Killed a kobold demonologist
  1356 | D        | Reached XP level 8. HP: 62/62 MP: 11/20
  1359 | D        | Noticed a smoke demon
  1361 | D        | Killed a kobold demonologist
  1361 | D        | Reached ** piety under Sif Muna
  1362 | D        | Reached skill level 11 in Conjurations
  1556 | D        | Noticed a demonic crawler
  1556 | D        | Noticed a demonic crawler
  1556 | D        | Noticed a demonic crawler
  1556 | D        | Noticed a demonic crawler
  1575 | D        | Slain by a demonic crawler

Illustrated notes

Levels and vault maps discovered:
D:        dungeon_sprint_1 [red_sonja_temple_1, red_sonja_temple_small_1]

Skill      XL: |  1  2  3  4  5  6  7  8 |
---------------+-------------------------+-----
Stealth        | 3 |  3.3
Conjurations   | 6 8 9 10 11 | 11.1
Fighting       | 4 6 7 8 9 |  9.2
Dodging        | 4 5 6 7 |  7.0
Spellcasting   | 4 6 7 8 9 |  9.0
Unarmed Combat | |  0.3

Action                   |  1- 3 |  4- 6 |  7- 9 || total
-------------------------+-------+-------+-------++-------
Melee: Unarmed           |     3 |       |       ||     3
       Constrict         |     1 |       |       ||     1
       Tentacles         |     1 |       |       ||     1
 Cast: Magic Dart        |     2 |       |       ||     2
       Searing Ray       |     1 |     7 |     4 ||    12
Evoke: Wand              |     2 |       |       ||     2
  Use: Potion            |     2 |       |       ||     2
       Scroll            |     1 |       |       ||     1
Armor: Skin              |       |       |     1 ||     1
Dodge: Dodged            |     3 |     6 |    23 ||    32

Table legend: (Time is in decaauts)
 A = Elapsed time spent in this place.
 B = Non-inter-level travel time spent in this place.
 C = Inter-level travel time spent in this place.
 D = Time resting spent in this place.
 E = Time spent auto-exploring this place.
 F = Levels seen in this place.
 G = Mean time per level.
                   A        B        C        D        E       F      G
               +--------+--------+--------+--------+--------+-----+--------+
         Total |   1584 |   1584 |      0 |   1371 |      0 |   1 | 1584.0 |
       Dungeon |   1584 |   1584 |      0 |   1371 |      0 |   1 | 1584.0 |
               +--------+--------+--------+--------+--------+-----+--------+

Top non-repeatable levels by time:
       D: 1584 daAuts
